 Dungeon Crawl Stone Soup version 0.19.4-10-g532645f (webtiles) character file.

50 Jynx the Skirmisher (level 3, 0/29 HPs)
             Began as a Demonspawn Berserker on Feb 22, 2017.
             Was a Believer of Trog.
             Succumbed to an adder's poison
             ... on level 2 of the Dungeon.
             The game lasted 00:02:44 (1398 turns).

Jynx the Skirmisher (Demonspawn Berserker)          Turns: 1398, Time: 00:02:44

Health: 0/29       AC:  2    Str: 17    XL:     3   Next: 55%
Magic:  3/3        EV: 12    Int:  8    God:    Trog [**....]
Gold:   53         SH:  0    Dex: 13    Spells: 0 memorised, 2 levels left

rFire  . . .     SeeInvis .       - Unarmed
rCold  . . .     Gourm    .     b - +0 animal skin
rNeg   . . .     Faith    +     (no shield)
rPois  .         Spirit   .     (helmet restricted)
rElec  .         Reflect  .     (no cloak)
rCorr  .         Harm     .     (no gloves)
MR     .....                    (no boots)
Stlth  +.........               j - amulet of faith
                                (no ring)
                                (no ring)

@: lethally poisoned (0 -> -5), flying, very slightly contaminated, hasted, very
quick
A: antennae 1, sturdy frame 1
a: Berserk, Trog's Hand, Burn Spellbooks, Renounce Religion


You were on level 2 of the Dungeon.
You worshipped Trog.
Trog was pleased with you.
You were not hungry.

You visited 1 branch of the dungeon, and saw 2 of its levels.

You collected 53 gold pieces.

Inventory:

Hand Weapons
 a - a +0 mace
Armour
 b - a +0 animal skin (worn)
 f - a +0 ring mail
Jewellery
 j - an amulet of faith (around neck)
Scrolls
 e - a scroll of remove curse {unknown}
 h - a scroll of enchant weapon {unknown}
 i - a scroll of recharging {unknown}
 l - a scroll of amnesia {unknown}
 o - a scroll of teleportation {unknown}
Comestibles
 c - a bread ration
 n - a chunk of flesh


   Skills:
 + Level 3.5 Fighting
 - Level 2.6 Maces & Flails
 - Level 1.7 Armour
 - Level 1.7 Dodging
 * Level 2.3 Unarmed Combat


You had 2 spell levels left.
You didn't know any spells.

Dungeon Overview and Level Annotations

Branches:
Dungeon (2/15)

Altars:
Okawaru


Innate Abilities, Weirdness & Mutations

You have a pair of small antennae on your head.
Your movements are slightly less encumbered by armour. (ER -2)


Message History

It was a potion of haste.
You feel yourself speed up.
* * * LOW HITPOINT WARNING * * *
You feel sick.
You are very lightly contaminated with residual magic.
It was a potion of flight.
You feel very buoyant.
You fly up into the air.
* * * LOW HITPOINT WARNING * * *
You feel sick. The worm completely misses you.
As you read the scroll labeled LOBBYO HYTA, it crumbles to dust.
It is a scroll of identify.
f - a +0 ring mail
* * * LOW HITPOINT WARNING * * *
You feel sick.
* * * LOW HITPOINT WARNING * * *
You feel sick.
* * * LOW HITPOINT WARNING * * *
You feel sick.
Found an amulet of faith.
You die...

##.#.#.#####...#
#.## #)#.........#
#....#.###.......#
#..........###...#
......#.#####
#..## ###..##.#
#..# #..##.# #..#
...."..#######..#
### #...@.......#
#.########..####
#. #...w.#
#####.###.#
#.....# #.#
#.##### #w#
#.#######.#
#...†.....#
########..#


There were no monsters in sight!

Vanquished Creatures
  2 adders (D:2)
  3 dart slugs (D:1)
  2 goblins (D:1)
  4 hobgoblins
  2 ball pythons (D:1)
  7 bats
  4 frilled lizards (D:1)
  2 kobolds (D:1)
  2 rats
28 creatures vanquished.

Notes
Turn   | Place    | Note
-------+----------+-------------------------------------------
     0 | D:1      | Jynx the Demonspawn Berserker began the quest for the Orb.
     0 | D:1      | Reached XP level 1. HP: 18/18 MP: 1/1
     6 | D:1      | Found an iron altar of Okawaru.
    33 | D:1      | Reached skill level 1 in Unarmed Combat
   140 | D:1      | Gained mutation: Your movements are slightly less encumbered by armour. (ER -2) [demonic ancestry]
   140 | D:1      | Reached XP level 2. HP: 24/24 MP: 2/2
  1195 | D:2      | Gained mutation: You have a pair of small antennae on your head. [demonic ancestry]
  1195 | D:2      | Reached XP level 3. HP: 27/29 MP: 3/3
  1196 | D:2      | Reached ** piety under Trog
  1391 | D:2      | HP: 1/29 [poisoned by an adder]
  1398 | D:2      | Succumbed to an adder's poison

Skill      XL: |  1  2  3 |
---------------+----------+-----
Unarmed Combat | 1 2 |  2.3
Fighting       | |  3.5
Maces & Flails | |  2.6
Armour         | |  1.7
Dodging        | |  1.7

Action                   || total
-------------------------++-------
Melee: Unarmed           ||   111
       Mace              ||     1
  Use: Potion            ||     3
       Scroll            ||     1
 Stab: Sleeping          ||     2
  Eat: Chunk             ||     2
Armor: Animal skin       ||    26
Dodge: Dodged            ||    64
